 Dungeon Crawl Stone Soup version 0.32-a0-981-g384da2ce10 (webtiles) character file.

Game seed: 3236653808488702509

1353 DrKenneth the Trooper (level 8, 0/73 HPs)
             Began as a Minotaur Fighter on Apr 20, 2024.
             Was an Initiate of Makhleb.
             Slain by a kobold brigand
             ... wielding a +0 whip
              (4 damage)
             ... on level 6 of the Dungeon on Apr 21, 2024.
             The game lasted 00:09:35 (4035 turns).

DrKenneth the Trooper (Minotaur Fighter)            Turns: 4035, Time: 00:09:36

Health: 0/73       AC:  7    Str: 23    XL:     8   Next: 36%
Magic:  7/7        EV:  8    Int:  5    God:    Makhleb [......]
Gold:   270        SH:  5    Dex: 10    Spells: 7/7 levels left

rFire   . . .        a - +0 war axe
rCold   . . .        c - +0 buckler
rNeg    . . .        b - +0 scale mail
rPois   .            (helmet restricted)
rElec   .            (no cloak)
rCorr   .            (no gloves)
SInv    .            (no boots)
Will    .....        (no amulet) Stlth
                     (no ring)
HPRegen 0.32/turn    (no ring)
MPRegen 0.10/turn

%: no passive effects
@: no status effects
A: horns 2, retaliatory headbutt
a: Renounce Religion


You were on level 6 of the Dungeon.
You worshipped Makhleb.
Makhleb was noncommittal.
You visited 2 branches of the dungeon, and saw 7 of its levels.

You collected 270 gold pieces.

Inventory:

Hand Weapons
 a - a +0 war axe (weapon)
Armour
 b - a +0 scale mail (worn)
 c - a +0 buckler (worn)
 h - a +0 pair of boots
Jewellery
 u - a ring of positive energy
Wands
 o - a wand of flame (26)
Scrolls
 e - 4 scrolls of teleportation
 f - 3 scrolls of identify
 g - a scroll of enchant armour {unknown}
 i - a scroll of poison
 j - a scroll of blinking
 k - a scroll of fog {unknown}
 l - a scroll of amnesia {unknown}
 n - a scroll of immolation {unknown}
 r - a scroll of revelation {unknown}
Potions
 d - a potion of might
 m - a potion of mutation
 p - 3 potions of haste
 q - a potion of magic {unknown}
 s - 5 potions of curing {unknown}
 t - a potion of enlightenment {unknown}


   Skills:
 + Level 7.1 Fighting
 + Level 6.6 Axes
 + Level 7.1 Armour
 + Level 7.1 Shields


You had 7 spell levels left.
You didn't know any spells.
Your spell library contained the following spells:

 Spells                   Type           Power      Damage    Failure   Level
 Shock                    Conj/Air       0%         1d3       82%         1
 Inner Flame              Hex/Fire       0%         N/A       99%         3
 Passwall                 Erth           0%         N/A       99%         3
 Swiftness                Air            0%         N/A       99%         3
 Airstrike                Air            0%         2d(0-16)  100%        4
 Bombard                  Conj/Erth      0%         9d1       100%        6
 Magnavolt                Erth/Air       0%         3d9       100%        7


Dungeon Overview and Level Annotations

Branches:
Dungeon (6/15)             Temple (1/1) D:5

Altars:
Cheibriados
Gozag
Kikubaaqudgha
Makhleb
Nemelex Xobeh
Okawaru
Trog
Uskayaw
Wu Jian
Xom
Zin

Shops:
D:4 ?   D:5 (


Innate Abilities, Weirdness & Mutations

You have a pair of horns on your head.
You reflexively headbutt those who attack you in melee.


Message History

Deactivating autopickup; reactivate with Ctrl-A.
The gnoll hits you from afar with a +0 spear.
You hit something. Makhleb accepts your kill.
Reactivating autopickup.
You feel a bit more experienced.
You closely miss the white imp.
The white imp hits you but does no damage.
The gnoll hits you from afar with a +0 spear.
You hit the orc priest. You headbutt the orc priest!
You kill the orc priest!
Makhleb accepts your kill.
You slash the white imp!
You kill the white imp!
Makhleb accepts your kill. You block the gnoll's attack.
You closely miss the kobold brigand.
The gnoll hits you from afar with a +0 spear.
The kobold brigand hits you with a +0 whip.
You closely miss the kobold brigand. The gnoll hits you but does no damage.
The kobold brigand hits you with a +0 whip.
The gnoll barely misses you.
You closely miss the kobold brigand.
Your headbutt misses the kobold brigand.
The kobold brigand hits you with a +0 whip. x2
* * * LOW HITPOINT WARNING * * *
A gnoll sergeant comes into view. It is wielding a +0 trident.
The gnoll sergeant shouts!
You slash the kobold brigand!
Your headbutt misses the kobold brigand.
The kobold brigand is heavily wounded.
You hear a shout!
An orc comes into view. It is wielding a +0 falchion.
The kobold brigand barely misses you.
You barely miss the kobold brigand.
Your headbutt misses the kobold brigand.
The kobold brigand is heavily wounded.
The gnoll sergeant hits you from afar with a +0 trident!
* * * LOW HITPOINT WARNING * * *
The kobold brigand hits you with a +0 whip.
You die...

...Kg. .... ~
~~.oo ~~≈~ ≈≈
~... ≈≈≈≈≈
~~~~~... ~~~
.......h ...
.....#g##.##.#
.......g....!# #
#..##K#. #
..#.##..#@##..#
....##)...##
#.)#.##o.#
##.#..##.#.#
..##....# # # #
#..##.#....#
.#.##..#.##...##
....##....## .
##..#.##..#


You could see a kobold brigand, a gnoll sergeant and an orc.

Vanquished Creatures
  A shadow (D:5)
  An ice beast (D:6)
  A black bear (D:6)
  2 ogres
  A scorpion (D:4)
  4 howler monkeys (D:6)
  3 bombardier beetles
  2 orc priests (D:6)
  3 hounds
  A sleepcap (D:4)
  5 iguanas
  An orc wizard (D:6)
  Robin (D:4)
  2 gnolls
  7 adders
  A white imp (D:6)
  2 ufetubi (D:6)
  5 dart slugs
  2 ribbon worms
  An orc (D:6)
  8 ball pythons
  8 endoplasms
  4 giant cockroaches
  13 goblins
  11 hobgoblins
  11 kobolds
  3 quokkas
  7 bats
  2 frilled lizards
  5 rats
118 creatures vanquished.

Vanquished Creatures (others)
  A human (D:3)
1 creature vanquished.

Grand Total: 119 creatures vanquished

Notes
Turn   | Place    | Note
-------+----------+-------------------------------------------
     0 | D:1      | DrKenneth the Minotaur Fighter began the quest for the Orb.
     0 | D:1      | Reached XP level 1. HP: 19/19 MP: 0/0
    58 | D:1      | Reached XP level 2. HP: 23/27 MP: 1/1
   322 | D:1      | Reached XP level 3. HP: 29/33 MP: 2/2
  1182 | D:2      | Reached XP level 4. HP: 40/40 MP: 3/3
  1583 | D:3      | Found a faded altar of an unknown god.
  1646 | D:3      | Found an ancient bone altar of Kikubaaqudgha.
  1649 | D:3      | Noticed a human
  1651 | D:3      | Killed a human
  1902 | D:3      | Reached XP level 5. HP: 19/47 MP: 4/4
  2027 | D:3      | Got Sif Muna's Elucidation of Geomancy and Pyromancy
  2219 | D:4      | Noticed Robin
  2235 | D:4      | Killed Robin
  2236 | D:4      | Reached skill level 5 in Armour
  2241 | D:4      | Reached skill level 5 in Shields
  2420 | D:4      | Reached skill level 5 in Fighting
  2460 | D:4      | Reached XP level 6. HP: 53/56 MP: 5/5
  2632 | D:4      | Found a snail-covered altar of Cheibriados.
  2686 | D:4      | Found Awuotos's Magic Scroll Boutique.
  2955 | D:5      | Entered Level 5 of the Dungeon
  3152 | D:5      | Found a staircase to the Ecumenical Temple.
  3162 | D:5      | Reached skill level 5 in Axes
  3177 | Temple   | Entered the Ecumenical Temple
  3206 | Temple   | Became a worshipper of Makhleb the Destroyer
  3276 | D:5      | Reached XP level 7. HP: 52/62 MP: 6/6
  3407 | D:5      | Found Lare's Firing Range.
  3441 | D:5      | Noticed a shadow
  3454 | D:5      | Killed a shadow
  4008 | D:6      | Reached XP level 8. HP: 58/71 MP: 7/7
  4035 | D:6      | Slain by a kobold brigand

Illustrated notes

Levels and vault maps discovered:
D:1:      heliophobic_arrival_henge, layout_basic
D:2:      layout_loops_ring
D:3:      layout_rooms, tgw_kikubaaqudgha,
          hellmonk_ecumenical_altar_pennies_from_heaven
D:4:      layout_layer_cave, kennysheep_slug_shrine, serial_shops,
          kennysheep_little_box, uniq_robin
D:5:      layout_cave_pools, minmay_temple_entry_large_hall,
          minmay_misc_feat_four_crosses, minmay_misc_feat_tower,
          nicolae_shop_firing_range
D:6:      lemuel_castle_with_subvaults [lemuel_castle_interior_original],
          layout_loops_ring, nicolae_dithmenos_through_a_glass_darkly,
          chequers_temple_overflow_statue_of_worship, nicolae_eternal_life
Temple:   kb_temple_of_zot

Skill      XL: |  1  2  3  4  5  6  7  8 |
---------------+-------------------------+-----
Fighting       | 4 5 6 7 |  7.1
Armour         | 4 5 6 7 |  7.1
Shields        | 4 5 6 7 |  7.1
Axes           | 3 4 5 6 |  6.6

Action                     |  1- 3 |  4- 6 |  7- 9 || total
---------------------------+-------+-------+-------++-------
  Melee: War axe           |    73 |   137 |    75 ||   285
         Headbutt          |    11 |    23 |    19 ||    53
    Use: Scroll            |       |     4 |     1 ||     5
         Potion            |       |     1 |       ||     1
 Armour: Scale mail        |    52 |    96 |    58 ||   206
  Dodge: Dodged            |    40 |    61 |    40 ||   141
  Block: Buckler           |    17 |    26 |    23 ||    66

Table legend: (Time is in decaauts)
 A = Elapsed time spent in this place.
 B = Non-inter-level travel time spent in this place.
 C = Inter-level travel time spent in this place.
 D = Time resting spent in this place.
 E = Time spent auto-exploring this place.
 F = Levels seen in this place.
 G = Mean time per level.
                   A        B        C        D        E       F      G
               +--------+--------+--------+--------+--------+-----+--------+
         Total |   4127 |   3324 |    803 |    380 |   2232 |   7 |  589.6 |
       Dungeon |   4068 |   3322 |    746 |    380 |   2232 |   6 |  678.0 |
        Temple |     59 |      2 |     57 |      0 |      0 |   1 |   59.0 |
               +--------+--------+--------+--------+--------+-----+--------+

Top non-repeatable levels by time:
     D:4: 1026 daAuts
     D:1: 850 daAuts
     D:2: 714 daAuts
     D:5: 676 daAuts
     D:3: 611 daAuts
     D:6: 189 daAuts
  Temple: 59 daAuts
